AoeStats
← 765688104

MegaRandom

509979596Analyzed
2v2 RM · 3d ago on Sep 28, 2026· 59m 2s· 4 players
Game mode
Random Map
Map size
Medium (4 player)
Population
200
Speed
Normal
Resources
Standard
Victory
Conquest
Starting age
Dark Age
Ending age
Imperial Age
RankedLock teamsTeams togetherTeam positionsShared explorationLock speedFull tech treeHidden civsTurbo modeCheats
Victory
Defeat
🇧🇷 Turks · Brazil
410
+15
405
+15
🇦🇷 Varangians · Argentina
552
-21
🇨🇲 Chinese · Cameroon
219
-9
JOAO GALO MATADOR DE GENTE
11:35 Feudal Age
10:54 Loom
13:01 Wheelbarrow
12:13 Town Watch
12:30 Horse Collar
12:38 Double-Bit Axe
22:36 Castle Age
20:58 Gold Mining
20:59 Stone Mining
22:46 Padded Archer Armor
22:37 Fletching
23:09 Forging
23:49 Hand Cart
23:35 Town Patrol
23:56 Caravan
24:14 Bow Saw
24:19 Heavy Plow
26:43 Leather Archer Armor
27:28 Gold Shaft Mining
30:28 Bodkin Arrow
33:04 Yeomen
34:11 Iron Casting
33:37 Scale Mail Armor
33:43 Scale Barding Armor
38:26 Imperial Age
36:05 Squires
35:51 Arson
36:00 Pikeman
39:16 Elite Longbowman
40:05 Warwolf
41:43 Conscription
42:21 Halberdier
42:33 Onager
42:36 Capped Ram
44:53 Hoardings
45:21 Ring Archer Armor
44:52 Bracer
45:52 Blast Furnace
45:11 Chain Mail Armor
49:38 Ballistics
50:21 Chemistry
52:21 Heavy Scorpion
A K A LITTLE DADDY
13:17 Feudal Age
14:06 Loom
14:09 Double-Bit Axe
14:08 Horse Collar
16:19 Wheelbarrow
17:18 Gold Mining
17:19 Stone Mining
18:55 Padded Archer Armor
18:57 Scale Mail Armor
20:12 Man-at-Arms
26:37 Castle Age
28:42 Bow Saw
29:04 Caravan
29:35 Coinage
31:28 Hand Cart
31:37 Hand Cart
32:13 Forging
32:18 Leather Archer Armor
32:18 Chain Mail Armor
33:14 Ballistics
33:48 Gold Shaft Mining
38:00 Imperial Age
36:11 Heavy Plow
42:36 Two-Man Saw
41:01 Elite Janissary
47:52 Iron Casting
47:47 Plate Mail Armor
47:47 Ring Archer Armor
47:23 Scale Barding Armor
48:54 Squires
52:39 Blast Furnace
yasekeponer
7:35 Loom
18:54 Feudal Age
20:02 Horse Collar
20:10 Double-Bit Axe
20:59 Gold Mining
21:00 Stone Mining
25:55 Castle Age
27:00 Bow Saw
26:52 Heavy Plow
28:15 Treadmill Crane
28:35 Murder Holes
30:03 Stone Shaft Mining
34:34 Forging
34:25 Scale Mail Armor
36:36 Iron Casting
38:56 Wheelbarrow
39:13 Chain Mail Armor
39:04 Scale Barding Armor
39:19 Scale Barding Armor
40:32 Vendel Legacy
42:04 Chain Barding Armor
42:01 Hand Cart
41:32 Town Watch
42:04 Squires
44:51 Husbandry
45:05 Bloodlines
53:39 Imperial Age
53:39 Elite Jarl
55:21 Blast Furnace
54:52 Plate Mail Armor
54:57 Plate Barding Armor
55:54 Conscription
54:56 Cavalier
56:28 Plate Barding Armor
765688104
10:10 Feudal Age
28:38 Castle Age
38:11 Imperial Age
36:06 Double-Bit Axe
36:23 Guard Tower
36:48 Fortified Wall
38:50 Bow Saw
38:30 Horse Collar
Connection lost

Rejoining the realm…

Still unreachable

The connection could not be restored.

Session expired

The server has moved on; the page needs a fresh start.